Map: Eternal Empire LE

Players

Cham

  • Race: Zerg Zerg
  • League: Grandmaster
  • Spawn Location: 7:00

Kelazhur - Winner!

  • Race: Terran Terran
  • League: Master
  • Spawn Location: 1:00

Event: DreamHack SC2 Masters 2020 Summer Latin America

VOD

Have the link to the VOD?

Description

Time

  • Played on: June 26, 2020, 3:24 p.m.
  • Length: 10:55

All games in this series

Show
View Real Time Build Order
Export as new Build Order

Cham Zerg 

Build Orders: Hatch First, Muta Ling Bane 

Get SALT Encoding   

  12  0:01  Drone  
  13  0:09  Drone  
  14  0:17  Overlord  
  14  0:36  Drone x2  
  16  0:49  Hatchery  
  15  0:54  Drone  
  16  0:57  Drone  
  16  1:02  Drone  
  18  1:12  Extractor  
  18  1:17  Spawning Pool  
  16  1:20  Drone  
  16  1:23  Drone  
  18  1:32  Drone  
  19  1:43  Drone  
  20  1:52  Overlord  
  20  2:03  Queen  
  20  2:04  Zergling x2, Queen  
  20  2:05  Zergling x2  
  26  2:12  Drone  
  27  2:16  Drone, Metabolic Boost  
  28  2:30  Drone  
  29  2:39  Hatchery  
  29  2:40  Drone x2  
  29  2:44  Drone  
  30  2:50  Queen  
  32  2:57  Overlord  
  32  2:58  Drone  
  32  3:04  Drone x2  
  35  3:08  Overlord  
  35  3:25  Drone x2  
  37  3:28  Drone x4  
  37  3:30  Queen  
  37  3:32  Overlord  
  43  3:40  Drone  
  44  3:46  Zergling x6  
  44  3:47  Zergling x4  
  44  3:48  Zergling x2  
  50  3:50  Drone  
  50  3:53  Drone x2  
  52  4:00  Drone  
  53  4:03  Queen  
  53  4:08  Queen  
  56  4:10  Drone x3  
  56  4:13  Drone  
  56  4:16  Baneling Nest  
  59  4:18  Overlord  
  59  4:19  Zergling x4  
  59  4:20  Zergling x2  
  59  4:21  Zergling x2  
  59  4:23  Drone  
  64  4:27  Drone x2  
  66  4:31  Spore Crawler  
  66  4:33  Lair  
  66  4:36  Overlord, Extractor  
  64  4:39  Drone x2  
  64  4:42  Drone  
  64  4:44  Overlord  
  67  4:48  Overlord  
  67  4:51  Overlord  
  67  4:56  Drone x5  
  72  5:02  Drone x3  
  72  5:03  Drone x2  
  72  5:04  Drone  
  77  5:10  Overlord  
  77  5:14  Drone x2, Extractor  
  79  5:16  Extractor  
  79  5:18  Drone x3  
  80  5:21  Evolution Chamber  
  80  5:23  Drone  
  80  5:24  Evolution Chamber, Drone x3  
  80  5:26  Drone  
  83  5:30  Drone  
  83  5:31  Drone x3  
  83  5:33  Overlord  
  83  5:34  Drone  
  88  5:43  Extractor x2  
  88  5:45  Drone  
  88  5:46  Drone x2  
  88  5:48  Overlord  
  89  5:51  Hatchery  
  89  5:56  Drone x2  
  89  5:57  Drone x2  
  89  5:58  Spire  
  89  6:02  Overlord  
  89  6:05  Zergling x2  
  89  6:09  Centrifical Hooks  
  90  6:11  Baneling  
  90  6:12  Baneling x6  
  90  6:13  Baneling x3  
  90  6:14  Zergling x6  
  90  6:15  Zergling x2  
  94  6:25  Zergling x2  
  94  6:26  Zergling x14  
  94  6:29  Zerg Ground Armor Level 1  
  94  6:31  Zerg Melee Weapons Level 1  
  102  6:33  Zergling x2  
  103  6:40  Overlord  
  103  6:51  Zergling x2  
  103  6:52  Zergling x14  
  103  6:53  Baneling x4  
  111  6:54  Drone  
  111  6:55  Drone x2  
  114  7:07  Overlord  
  114  7:09  Mutalisk x6  
  114  7:10  Overlord  
  114  7:12  Zergling x4  
  114  7:14  Baneling x2  
  114  7:15  Baneling  
  128  7:20  Mutalisk  
  128  7:21  Zergling x2  
  129  7:26  Zergling x2  
  130  7:30  Zergling x12  
  130  7:33  Drone  
  130  7:35  Infestation Pit  
  112  7:48  Zergling x8  
  112  7:50  Baneling x5  
  112  7:51  Baneling x3, Zergling x2  
  100  7:52  Zergling x12  
  100  7:57  Zergling x4  
  105  8:01  Queen x2  
  105  8:07  Zergling x4  
  105  8:11  Zergling x14  
  105  8:12  Zergling x4  
  105  8:24  Baneling x6, Mutalisk x2  
  105  8:25  Mutalisk x3  
  105  8:26  Zergling x8  
  114  8:31  Baneling  
  114  8:32  Baneling x4, Zergling x2  
  114  8:33  Zergling x2  
  112  8:34  Zergling x2  
  112  8:35  Zergling x6  
  112  8:37  Baneling x2  
  112  8:38  Baneling  
  113  8:42  Zergling x8  
  113  8:45  Mutalisk x2  
  113  8:47  Zergling x4  
  122  8:55  Baneling x4  
  112  8:56  Zergling x8  
  112  8:57  Zergling x2  
  114  9:09  Zergling x10  
  102  9:10  Baneling x4  
  102  9:12  Zergling x8  
  102  9:16  Baneling x2  
  104  9:18  Queen  
  104  9:22  Mutalisk x2  
  104  9:23  Mutalisk  
  101  9:31  Zergling x2  
  101  9:32  Zergling x2  
  101  9:35  Baneling x5  
  102  9:44  Zergling x4  
  102  9:45  Zergling x2  
Show
View Real Time Build Order
Export as new Build Order

Kelazhur Terran - Winner!

Build Orders: Hellion Opening, Reaper Expand 

Get SALT Encoding   

  12  0:00  SCV  
  13  0:12  SCV  
  14  0:17  Supply Depot  
  14  0:25  SCV  
  15  0:39  SCV  
  15  0:40  Barracks  
  16  0:43  Refinery  
  16  0:51  SCV  
  17  1:03  SCV  
  18  1:15  SCV  
  19  1:27  Orbital Command, Reaper  
  20  1:39  Command Center  
  20  1:51  Supply Depot  
  20  1:53  SCV  
  21  1:59  Marine  
  22  2:04  Factory  
  22  2:06  SCV  
  23  2:12  Refinery  
  23  2:18  SCV  
  23  2:21  Barracks Reactor  
  24  2:30  SCV  
  25  2:42  SCV  
  26  2:51  Starport  
  26  2:52  Orbital Command  
  26  2:54  SCV  
  27  3:03  Hellion x2  
  31  3:07  SCV  
  31  3:09  Barracks Tech Lab  
  32  3:17  Supply Depot  
  32  3:21  SCV  
  32  3:22  SCV  
  32  3:24  Hellion x2  
  37  3:33  SCV  
  38  3:34  SCV  
  38  3:35  Raven  
  41  3:41  Supply Depot  
  41  3:45  SCV  
  41  3:46  Hellion x2, SCV  
  47  3:57  SCV  
  47  3:58  SCV  
  49  4:05  Command Center  
  49  4:09  SCV  
  50  4:10  SCV  
  50  4:13  Barracks Tech Lab  
  51  4:21  SCV  
  52  4:24  Factory Tech Lab  
  52  4:26  Barracks  
  52  4:27  Stimpack, Marine  
  52  4:28  Starport Reactor, SCV, Barracks  
  54  4:33  SCV  
  54  4:35  Supply Depot  
  55  4:41  SCV  
  55  4:45  Refinery x2  
  56  4:46  SCV  
  56  4:47  Marine  
  56  4:48  Engineering Bay  
  56  4:49  Siege Tank  
  61  4:53  SCV  
  61  4:58  SCV  
  61  4:59  Supply Depot  
  63  5:05  SCV  
  64  5:10  SCV  
  64  5:11  Engineering Bay  
  65  5:14  Terran Infantry Weapons Level 1  
  65  5:17  Marine x2, SCV  
  65  5:18  Marine  
  65  5:20  Orbital Command  
  69  5:22  SCV  
  69  5:27  Starport Reactor  
  69  5:28  Marine x2  
  72  5:29  SCV  
  72  5:31  Siege Tank  
  72  5:34  SCV  
  77  5:37  Marine x2  
  77  5:40  Terran Infantry Armor Level 1  
  77  5:41  SCV  
  80  5:46  SCV  
  80  5:47  Marine x2  
  80  5:48  Marine  
  85  5:53  SCV  
  85  5:55  Orbital Command, Barracks  
  85  5:56  Barracks  
  85  5:58  Marine x2  
  85  6:03  Siege Tank  
  90  6:05  Marine x2  
  90  6:07  SCV  
  90  6:08  Supply Depot  
  93  6:14  Marine, Medivac x2  
  93  6:15  SCV  
  99  6:20  Marine x2  
  99  6:21  Supply Depot  
  101  6:30  SCV x2  
  101  6:31  Supply Depot  
  101  6:32  SCV  
  104  6:35  Combat Shield  
  104  6:36  Marine, Armory  
  105  6:40  Siege Tank  
  105  6:42  SCV  
  105  6:45  SCV  
  110  6:49  SCV  
  110  6:50  Medivac x2  
  110  6:51  Marine x2  
  110  6:53  Marine  
  118  6:55  Barracks Reactor  
  118  6:57  SCV x2  
  118  7:01  Barracks Reactor  
  120  7:02  Supply Depot  
  120  7:03  SCV  
  120  7:08  Marine  
  121  7:09  SCV  
  123  7:19  Marine x2  
  125  7:24  SCV, Medivac x2  
  125  7:26  Supply Depot  
  130  7:32  Marine  
  130  7:33  Terran Infantry Weapons Level 2, Marine x2  
  133  7:40  Refinery  
  133  7:41  Supply Depot  
  133  7:43  Marine  
  133  7:44  Marine  
  133  7:45  Marine, SCV  
  133  7:46  Marine x2  
  133  7:48  Marine  
  133  7:49  SCV  
  133  7:50  Marine x2  
  133  7:51  Marine  
  128  7:52  SCV  
  126  7:58  Medivac x2  
  126  8:03  Marine, Command Center  
  126  8:04  SCV, Barracks  
  132  8:05  Factory  
  132  8:10  Marine  
  132  8:11  Marine x4  
  132  8:12  Marine  
  133  8:22  Marine x2  
  133  8:24  Marine  
  133  8:26  Drilling Claws  
  133  8:28  Marine, Medivac x2  
  133  8:30  Marine  
  133  8:31  Marine x4  
  143  8:35  SCV x3  
  143  8:39  Supply Depot x2  
  143  8:40  Marine x2  
  143  8:41  Supply Depot  
  148  8:42  Marine  
  149  8:53  SCV  
  149  8:54  Marine x4  
  149  9:01  Marine x3, Medivac x2  
  152  9:07  Marine  
  152  9:08  Marine  
  139  9:12  Marine x2  
  134  9:18  Factory Reactor, Thor  
  140  9:26  Marine  
  140  9:27  Marine x6  
  140  9:30  Marine x2  
  147  9:33  SCV x2  
  147  9:37  Medivac x2  
  153  9:44  Marine  
  146  9:48  Marine x8  
  149  9:55  Planetary Fortress, Missile Turret  
  146  10:01  Thor  
  146  10:02  Marine  
  146  10:06  Marine  
Tags
 
Add a new tag
Caveats
  • Supply blocks, unpowered buildings, or Contaminate may cause inaccurate times.
  • Supply counts are checked every 10 seconds.